 Dungeon Crawl Stone Soup version 0.31-a0-232-gb1c03b2570 (webtiles) character file.

Game seed: 17937536792052520362

47 qw the Shooter (level 3, 0/29 HPs)
             Began as a Minotaur Hexslinger on July 7, 2023.
             Slain by Sigmund
             ... wielding a +0 scythe
              (11 damage)
             ... on level 2 of the Dungeon.
             The game lasted 00:00:23 (1110 turns).

qw the Shooter (Minotaur Hexslinger)                Turns: 1110, Time: 00:00:24

Health: 0/29       AC:  2    Str: 12    XL:     3   Next: 48%
Magic:  3/3        EV: 12    Int: 10    God:
Gold:   59         SH:  0    Dex: 14    Spells: 3/4 levels left

rFire   . . .        Y - +1 sling
rCold   . . .        (no shield)
rNeg    . . .        c - +0 robe
rPois   .            (helmet restricted)
rElec   .            (no cloak)
rCorr   .            (no gloves)
SInv    .            (no boots)
Will    .....        (no amulet)
Stlth   +            (no ring)
HPRegen 0.24/turn    (no ring)
MPRegen 0.08/turn

%: no passive effects
@: confused
A: horns 2, retaliatory headbutt
a: no special abilities


You were on level 2 of the Dungeon.
You visited 1 branch of the dungeon, and saw 2 of its levels.

You collected 59 gold pieces.


Innate Abilities, Weirdness & Mutations

You have a pair of horns on your head.
You reflexively headbutt those who attack you in melee.


   Skills:
 - Level 2.0 Fighting
 + Level 4.0 Ranged Weapons
 - Level 2.1 Dodging
 - Level 1.0 Spellcasting
 - Level 2.0 Hexes


You had 3 spell levels left.
You knew the following spells:

 Your Spells              Type           Power      Damage    Failure   Level
a - Slow                  Hex            16%        N/A       16%         1

Your spell library contained the following spells:

 Spells                   Type           Power      Damage    Failure   Level
 Inner Flame              Hex/Fire       2%         N/A       56%         3
 Portal Projectile        Hex/Tloc       4%         N/A       56%         3
 Cause Fear               Hex            2%         N/A       83%         4

Inventory:

Hand Weapons
 d - a +4 shortbow of freezing
 Y - a +1 sling (weapon)
Armour
 c - a +0 robe (worn)
Scrolls
 a - 2 scrolls of identify
 e - a scroll of teleportation
 h - a scroll of revelation {unknown}
 i - a scroll of immolation {unknown}
 j - 2 scrolls of noise {unknown}
 l - a scroll of enchant armour {unknown}
Potions
 b - 2 potions of enlightenment {unknown}
 f - 2 potions of curing {unknown}
 g - a potion of invisibility {unknown}
 k - a potion of might {unknown}

Dungeon Overview and Level Annotations

Branches:
Dungeon (2/15)

Altars:

Shops:
D:1 (

Annotations:
D:2 Sigmund


Message History

Enter note: You shoot a sling bullet.
The sling bullet hits Sigmund.
Sigmund shouts!
Sigmund is lightly wounded.
Sigmund barely misses you.
You shoot a sling bullet.
The sling bullet closely misses Sigmund.
Sigmund hits you from afar with a +0 scythe!
You shoot a sling bullet.
The sling bullet closely misses Sigmund.
You shoot a sling bullet. The sling bullet hits Sigmund.
Sigmund is moderately wounded.
Sigmund hits you from afar with a +0 scythe.
You shoot a sling bullet.
The sling bullet closely misses Sigmund.
Sigmund points at you and mumbles some strange words.
The magic dart hits you.
Enter note:
Enter note:
Enter note:
Enter note:
Enter note:
Enter note:
Enter note:
Enter note:
Enter note:
1107 ||| READING scroll labelled QAALAHA RUJUR.
This is a scroll of acquirement!
1107 ||| ACQUIRING +4 shortbow of freezing Something appears at your feet!
Sigmund closely misses you.
d - a +4 shortbow of freezing Sigmund gestures at you while chanting.
You are confused.
Sigmund mumbles some strange words.
Sigmund flickers and vanishes!
Deactivating autopickup; reactivate with Ctrl-A.
Autopickup is now on.
Something hits you!
You die...

.......######### #)...##
.##.#..........####.####
.##.#..........#.......#
..#.#..........#.##.......#
..#.#..........#.##..#.##.#
..#.#..........#.##....#
......<.########.###.#.#
#.#.#......# #.###.....
....#.#.##.# #@......###
....<...##....{..#####.#
....#..##..#####.# .##.>...
#.# . ###.... ... . ...##.
#.# #### .. #.# ##### ..
..# ....#


There were no monsters in sight!

Vanquished Creatures
  An adder (D:2)
  A dart slug (D:1)
  2 endoplasms (D:1)
  A giant cockroach (D:1)
  2 goblins (D:1)
  4 hobgoblins
  6 jackals (D:1)
  3 kobolds
  A quokka (D:1)
  6 ball pythons
  3 bats
  A frilled lizard (D:1)
31 creatures vanquished.

Notes
Turn   | Place    | Note
-------+----------+-------------------------------------------
     0 | D:1      | qw the Minotaur Hexslinger began the quest for the Orb.
     0 | D:1      | Reached XP level 1. HP: 16/16 MP: 1/1
     0 | D:1      | 0 ||| qw: Version: 0.3-a-46-gb1f654a
     0 | D:1      | 0 ||| qw: Game counter: 2281
     0 | D:1      | 0 ||| qw: Melee chars always use a shield: true
     0 | D:1      | 0 ||| qw: God list: Okawaru
     0 | D:1      | 0 ||| qw: Allow faded altars: false
     0 | D:1      | 0 ||| qw: Do Orc after clearing Dungeon:15 true
     0 | D:1      | 0 ||| qw: Do second Lair branch before Depths: true
     0 | D:1      | 0 ||| qw: Lair rune preference: random
     0 | D:1      | 0 ||| qw: Goals: Normal
     0 | D:1      | 0 ||| PLANNING D:1-11
    83 | D:1      | Found a faded altar of an unknown god.
    91 | D:1      | Reached skill level 3 in Ranged Weapons
    91 | D:1      | Reached XP level 2. HP: 22/23 MP: 2/2
   423 | D:1      | Reached XP level 3. HP: 29/29 MP: 3/3
   464 | D:1      | Found Rifiola's Weapon Emporium.
   667 | D:1      | 667 ||| READING 3 scrolls labelled YXA HYURGHOEVY.
   668 | D:1      | 668 ||| READING scroll labelled ADUNYS HOGGOED.
   669 | D:1      | 669 ||| READING scroll labelled QURPHI RULILO.
   672 | D:1      | 672 ||| DROPPING scroll of poison.
  1029 | D:2      | Reached skill level 4 in Ranged Weapons
  1101 | D:2      | Noticed Sigmund
  1107 | D:2      | 1107 ||| READING scroll labelled QAALAHA RUJUR.
  1107 | D:2      | Identified a scroll of acquirement
  1107 | D:2      | 1107 ||| ACQUIRING +4 shortbow of freezing
  1107 | D:2      | Acquired a +4 shortbow of freezing
  1110 | D:2      | Slain by Sigmund

Levels and vault maps discovered:
D:1:      scummos_arrival_checkerplants, layout_basic, serial_shops, shop,
          basic_ecumenical_altar
D:2:      layout_loops_cross, kennysheep_generic_room_10, uniq_sigmund,
          uniq_terence

Skill      XL: |  1  2  3 |
---------------+----------+-----
Ranged Weapons | 3 4 |  4.0
Fighting       | 2 |  2.0
Dodging        | |  2.1
Spellcasting   | |  1.0
Hexes          | |  2.0

Action                     || total
---------------------------++-------
   Fire: Sling             ||    86
    Use: Scroll            ||     4
 Armour: Robe              ||     5
  Dodge: Dodged            ||    22

Table legend:
 A = Non-vault XP
 B = Vault XP
 C = Vault XP percentage of total XP
 D = Non-vault monster count
 E = Vault monster count
 F = Vault count percentage of total count
                 A         B        C        D         E       F
            +---------+---------+-------+---------+---------+-------
      Total |      67 |       1 |   1.5 |      30 |       1 |   3.2
            +---------+---------+-------+---------+---------+-------
        D:1 |      47 |       0 |   0.0 |      24 |       0 |   0.0
        D:2 |      20 |       1 |   4.8 |       6 |       1 |  14.3
            +---------+---------+-------+---------+---------+-------
